 Dungeon Crawl Stone Soup version 0.28-a0-1312-g71652a0310 (webtiles) character file.

Game seed: 8982308325197551197

678 nicanaca0 the Basher (level 7, 61/61 HPs)
             Began as a Minotaur Berserker on Dec 27, 2021.
             Was a Priest of Trog.
             Quit the game on level 4 of the Dungeon.
             The game lasted 00:06:26 (5449 turns).

nicanaca0 the Basher (Minotaur Berserker)           Turns: 5449, Time: 00:06:26

Health: 61/61      AC: 12    Str: 21    XL:     7   Next: 34%
Magic:  6/6        EV:  6    Int:  6    God:    Trog [***...]
Gold:   108        SH:  6    Dex: 10    Spells: 6/6 levels left

rFire   . . .      SeeInvis .   a - +0 war axe
rCold   . . .      Faith    .   r - +2 buckler
rNeg    . . .      Spirit   .   n - +0 plate armour
rPois   .          Reflect  .   (helmet restricted)
rElec   .          Harm     .   (no cloak)
rCorr   .          Rampage  .   (no gloves)
Will    .....                   (no boots)
Stlth   ..........              (no amulet)
HPRegen 0.20/turn               (no ring)
MPRegen 0.10/turn               (no ring)

@: no status effects
A: horns 2, retaliatory headbutt
a: Renounce Religion, Berserk, Trog's Hand


You were on level 4 of the Dungeon.
You worshipped Trog.
Trog was most pleased with you.
You visited 1 branch of the dungeon, and saw 4 of its levels.

You collected 108 gold pieces.

Inventory:

Hand Weapons
 a - a +0 war axe (weapon)
 b - a +0 hunting sling of freezing
 m - a +0 mace
 t - a +0 scythe of flaming
Missiles
 c - 88 stones (quivered)
 h - 73 sling bullets
Armour
 n - a +0 plate armour (worn)
 o - the +1 pair of boots of Duck's Teeth {*Slow rC++ rCorr Dex+5}
   (You found it on level 3 of the Dungeon)

   Dex:       It affects your dexterity (+5).
   rC:        It greatly protects you from cold.
   rCorr:     It protects you from acid and corrosion.
   *Slow:     It may slow you when you take damage.
 r - a +2 buckler (worn)
Scrolls
 d - 2 scrolls of fog {unknown}
 g - 3 scrolls of teleportation {@r2}
 k - a scroll of identify {@r1}
 u - a scroll of acquirement
 v - a scroll of vulnerability {unknown}
Potions
 e - 2 potions of heal wounds {unknown}
 f - a potion of resistance {unknown}
 i - a potion of invisibility {unknown}
 j - 2 potions of mutation
 l - 2 potions of attraction {unknown}
 p - a potion of might {unknown}
 q - a potion of cancellation {unknown}
 s - a potion of degeneration {unknown}


   Skills:
 + Level 5.3 Fighting
 * Level 8.4 Maces & Flails
 + Level 4.4 Armour
 - Level 2.1 Dodging
 + Level 1.9 Shields


You had 6 spell levels left.
You didn't know any spells.
Your spell library was empty.

Dungeon Overview and Level Annotations

Branches:
Dungeon (4/15)             Temple (0/1) D:4

Altars:

Shops:
D:3 [


Innate Abilities, Weirdness & Mutations

You have a pair of horns on your head.
You reflexively headbutt those who attack you in melee.


Message History

You throw a stone.
The stone hits the hobgoblin but does no damage.
The hobgoblin throws a stone.
The stone hits you but does no damage.
You throw a stone.
The stone hits the hobgoblin but does no damage.
The hobgoblin throws a stone.
You block the stone.
The hobgoblin throws a stone.
The stone hits you.
You throw a stone.
The stone hits the hobgoblin but does no damage.
You throw a stone.
The stone hits the hobgoblin but does no damage.
The hobgoblin throws a stone.
The stone completely misses you.
There are monsters nearby!
There are monsters nearby!
There are monsters nearby!
There are monsters nearby!
There are monsters nearby!
There are monsters nearby!
You throw a stone.
The stone hits the hobgoblin but does no damage.
A hobgoblin comes into view.
The hobgoblin shouts!
The hobgoblin throws a stone.
The stone hits you but does no damage.
The hobgoblin throws a stone.
You block the stone.
The hobgoblin throws a stone.
The stone hits you but does no damage.
The hobgoblin throws a stone.
You block the stone.
Things that are here:
a +0 falchion; an orc corpse You throw a stone.
The stone closely misses the hobgoblin.
You throw a stone. The stone closely misses the hobgoblin.
No target in view!
No target in view!
No target in view!
You slash the hobgoblin!
You kill the hobgoblin!
Trog accepts your kill.
No target in view!
No target in view!
This is a scroll of acquirement!
Are you sure you want to abandon this character and quit the game? (Confirm with "yes".)

#.#........## # ###
##)..........# # #.##.≈≈.≈g.
#...#........## # ##..# .≈.≈g
##...#.........##### ....## ≈.≈
##........÷.....##... #....#
#.####.........#....)...##
##...###.##.....###..##........#.
#....#.........##....##....#...#.
...#.#......#..(@.##...........##
#....#....((...)..#..#.........#.
..#.......#..##)####...........#.
..##........##.)).##....##.#...##
.........##......#####..........#
.##.###............###..#......##
..#..##.....#......#.............
#....##.#..####........#.#...#...
##....#.##..##....#..........#...


There were no monsters in sight!

Vanquished Creatures
  Sigmund (D:4)
  An ogre (D:4)
  A necrophage (D:3)
  An orc priest (D:4)
  An iguana (D:3)
  2 orc wizards
  3 gnolls (D:2)
  13 adders
  A worm (D:2)
  A dart slug (D:3)
  7 orcs
  13 ball pythons
  3 bats (D:3)
  7 endoplasms
  3 giant cockroaches
  4 goblins
  6 hobgoblins
  5 jackals
  4 quokkas
  3 frilled lizards
  7 kobolds
  A quokka skeleton (D:4)
  8 rats
96 creatures vanquished.

Notes
Turn   | Place    | Note
-------+----------+-------------------------------------------
     0 | D:1      | nicanaca0 the Minotaur Berserker began the quest for the
                  | Orb.
     0 | D:1      | Reached XP level 1. HP: 19/19 MP: 0/0
    50 | D:1      | Found a faded altar of an unknown god.
    55 | D:1      | Reached skill level 4 in Maces & Flails
   172 | D:1      | Reached XP level 2. HP: 25/26 MP: 1/1
   507 | D:1      | Reached ** piety under Trog
   549 | D:1      | Reached skill level 5 in Maces & Flails
  1081 | D:2      | Reached XP level 3. HP: 29/31 MP: 2/2
  1641 | D:2      | Reached skill level 6 in Maces & Flails
  1641 | D:2      | Reached XP level 4. HP: 6/39 MP: 3/3
  2664 | D:3      | Reached XP level 5. HP: 42/46 MP: 4/4
  3022 | D:3      | Identified the +1 pair of boots of Duck's Teeth {*Slow rC++
                  | rCorr Dex+5}
  3067 | D:3      | Found Cuuqas Usaox's Armour Shoppe.
  3839 | D:4      | Noticed a necrophage
  3850 | D:3      | Killed a necrophage
  3851 | D:3      | Reached skill level 7 in Maces & Flails
  4224 | D:3      | Reached XP level 6. HP: 53/53 MP: 5/5
  4254 | D:4      | Found a staircase to the Ecumenical Temple.
  4262 | D:4      | HP: 2/53 [ogre (18)]
  4892 | D:4      | Noticed Sigmund
  4909 | D:4      | Killed Sigmund
  4910 | D:4      | Reached skill level 5 in Fighting
  4910 | D:4      | Reached skill level 8 in Maces & Flails
  4910 | D:4      | Reached skill level 1 in Shields
  4910 | D:4      | Reached XP level 7. HP: 39/61 MP: 6/6
  5087 | D:4      | Reached *** piety under Trog
  5449 | D:4      | Identified a scroll of acquirement
  5449 | D:4      | Quit the game

Illustrated notes

Levels and vault maps discovered:
D:1:      heliophobic_arrival_henge, layout_loops_ring,
          shapermc_ecumenical_altar_starsandcircs
D:2:      layout_loops_ring
D:3:      layout_basic, serial_shops, shop, feat_on_display
D:4:      layout_cave_pools, trog_hazing_becter,
          minmay_temple_entry_sparse_star, minmay_snake_closets, uniq_sigmund

Skill      XL: |  1  2  3  4  5  6 |
---------------+-------------------+-----
Maces & Flails | 4 5 6 7 8 |  8.4
Fighting       | 4 5 |  5.3
Armour         | 3 4 |  4.4
Shields        | 1 |  1.9
Dodging        | |  2.1

Action                   |  1- 3 |  4- 6 |  7- 9 || total
-------------------------+-------+-------+-------++-------
Melee: Mace              |    68 |    66 |       ||   134
       Headbutt          |    12 |    24 |     8 ||    44
       War axe           |       |    59 |    30 ||    89
 Fire: Hunting sling     |       |    26 |       ||    26
Throw: Stone             |       |    56 |    46 ||   102
Invok: Berserk           |     1 |       |       ||     1
       Trog's Hand       |       |       |     1 ||     1
  Use: Potion            |       |     2 |       ||     2
       Scroll            |       |     2 |       ||     2
Armor: Leather armour    |    19 |     1 |       ||    20
       Animal skin       |     1 |       |       ||     1
       Chain mail        |       |    33 |       ||    33
       Plate armour      |       |    58 |    35 ||    93
Dodge: Dodged            |    39 |    59 |    16 ||   114
Block: Buckler           |       |     5 |    17 ||    22

Table legend: (Time is in decaauts)
 A = Elapsed time spent in this place.
 B = Non-inter-level travel time spent in this place.
 C = Inter-level travel time spent in this place.
 D = Time resting spent in this place.
 E = Time spent auto-exploring this place.
 F = Levels seen in this place.
 G = Mean time per level.
                   A        B        C        D        E       F      G
               +--------+--------+--------+--------+--------+-----+--------+
         Total |   5502 |   5247 |    255 |   1335 |   3061 |   4 | 1375.5 |
       Dungeon |   5502 |   5247 |    255 |   1335 |   3061 |   4 | 1375.5 |
               +--------+--------+--------+--------+--------+-----+--------+

Top non-repeatable levels by time:
     D:3: 1695 daAuts
     D:2: 1536 daAuts
     D:4: 1236 daAuts
     D:1: 1034 daAuts
